 Dungeon Crawl Stone Soup version 0.30-a0-591-g3c58d2bc28 (webtiles) character file.

Game seed: 13852231628116548386

65 Leeroy the Insei (level 4, -2/32 HPs)
             Began as a Merfolk Transmuter on Jan 4, 2023.
             Slain by an orc
             ... wielding a +0 short sword
              (4 damage)
             ... on level 3 of the Dungeon.
             The game lasted 00:02:08 (1285 turns).

Leeroy the Insei (Merfolk Transmuter)               Turns: 1285, Time: 00:02:09

Health: -2/32      AC:  2    Str: 10    XL:     4   Next: 14%
Magic:  7/7        EV: 12    Int: 14    God:
Gold:   86         SH:  0    Dex: 14    Spells: 3/7 levels left

rFire   . . .      SeeInvis .      - Unarmed
rCold   + . .      Faith    .    (no shield)
rNeg    . . .      Spirit   .    a - +0 robe
rPois   .          Reflect  .    (no helmet)
rElec   .          Harm     .    (no cloak)
rCorr   .          Rampage  .    (no gloves)
Will    .....                    (no boots)
Stlth   +                        (no amulet)
HPRegen 0.25/turn                c - ring of protection from cold
MPRegen 0.10/turn                (no ring)

@: no status effects
A: (nimble swimmer 2), mertail
a: no special abilities


You were on level 3 of the Dungeon.
You visited 1 branch of the dungeon, and saw 3 of its levels.

You collected 86 gold pieces.

Inventory:

Armour
 a - a +0 robe (worn)
Jewellery
 c - a ring of protection from cold (left hand)
Scrolls
 d - a scroll of acquirement {unknown}
 e - 3 scrolls of teleportation {unknown}
 h - 2 scrolls of identify {unknown}
 j - a scroll of vulnerability {unknown}
Potions
 b - a potion of lignification
 f - a potion of attraction {unknown}
 g - 2 potions of might {unknown}
 i - a potion of ambrosia {unknown}


   Skills:
 - Level 1.1 Fighting
 - Level 2.6 Dodging
 + Level 5.1 Unarmed Combat
 - Level 2.0 Spellcasting
 + Level 3.2 Transmutations


You had 3 spell levels left.
You knew the following spells:

 Your Spells              Type           Power      Damage    Failure   Level
a - Beastly Appendage     Tmut           20%        N/A       6%          1
b - Spider Form           Tmut/Pois      5%         N/A       36%         3

Your spell library contained the following spells:

 Spells                   Type           Power      Damage    Failure   Level
 Wereblood                Tmut           10%        N/A       10%         2
 Passwall                 Tmut/Erth      4%         N/A       19%         2
 Ensorcelled Hibernation  Hex/Ice        2%         N/A       34%         2
 Swiftness                Air            1%         N/A       56%         3
 Ice Form                 Ice/Tmut       5%         N/A       77%         4


Dungeon Overview and Level Annotations

Branches:
Dungeon (3/15)

Altars:
Xom

Portals:
Sewer: D:3


Innate Abilities, Weirdness & Mutations

((You are very nimble when in or above water. (Stealth+, EV+, Speed+++)))
Your lower body shifts to a powerful aquatic tail in water.


Message History

The ball python constricts you. The ball python barely misses you.
The orc hits you with a +0 short sword. The dart slug barely misses you.
The ball python closely misses you. The ball python constricts you.
You escape the ball python's grasp.
The orc attacks as you move away! The orc misses you.
The ball python misses you. The ball python barely misses you.
There is a stone staircase leading up here.
The ball python bites you. The ball python grabs you.
You stop ascending the stairs.
The ball python constricts you.
* * * LOW HITPOINT WARNING * * *
The ball python bites you but does no damage.
The orc barely misses you. The ball python bites you.
* * * LOW HITPOINT WARNING * * *
The ball python constricts you.
* * * LOW HITPOINT WARNING * * *
Unknown command.
You escape the ball python's grasp.
A ball python comes into view.
Found 13 gold pieces.
The ball python hisses angrily.
You hear an angry hiss.
The orc attacks as you move away! The orc hits you but does no damage.
A ball python comes into view.
You punch the ball python!
You kill the ball python!
The orc misses you. The ball python closely misses you.
The ball python barely misses you. The orc attacks as you move away!
The orc hits you with a +0 short sword.
* * * LOW HITPOINT WARNING * * *
The orc attacks as you move away! The orc misses you.
The ball python bites you.
* * * LOW HITPOINT WARNING * * *
The ball python barely misses you. The ball python bites you.
* * * LOW HITPOINT WARNING * * *
The ball python misses you.
An adder comes into view.
Found a glowing drain.
The adder hisses angrily.
An orc comes into view. It is wielding a +0 short sword.
The orc attacks as you move away! The orc hits you with a +0 short sword.
You die...

#..≈≈...≈≈.
#...≈≈≈≈≈# ..
#?<......# ...
#........#....
####w....#...
####..g....#..
#....S.....~~~
#....S.o.#~~~~
#.....@S..~~~~
#.........~~~∩
####....$~~~~~
#.....#~~~~
#.......~~~
#....... ~.
#S....... .
#o........


You could see an adder, a dart slug, 2 orcs, a hobgoblin and 3 ball pythons.

Vanquished Creatures
  2 adders (D:2)
  A worm (D:2)
  8 ball pythons
  2 endoplasms
  A giant cockroach (D:2)
  3 goblins (D:1)
  6 hobgoblins
  9 kobolds
  2 quokkas
  3 bats
  A frilled lizard (D:1)
  2 rats
40 creatures vanquished.

Vanquished Creatures (others)
  A goblin (D:3)
  A kobold (D:3)
  A rat (D:3)
3 creatures vanquished.

Grand Total: 43 creatures vanquished

Notes
Turn   | Place    | Note
-------+----------+-------------------------------------------
     0 | D:1      | Leeroy the Merfolk Transmuter began the quest for the Orb.
     0 | D:1      | Reached XP level 1. HP: 15/15 MP: 3/3
   197 | D:1      | Reached XP level 2. HP: 21/21 MP: 5/5
   237 | D:1      | Reached skill level 4 in Unarmed Combat
   508 | D:1      | Reached XP level 3. HP: 26/26 MP: 6/6
   512 | D:1      | Learned a level 3 spell: Spider Form
   951 | D:2      | Reached skill level 5 in Unarmed Combat
  1008 | D:2      | Reached XP level 4. HP: 27/32 MP: 7/7
  1260 | D:3      | Found a shimmering altar of Xom.
  1283 | D:3      | HP: 1/32 [ball python (1)]
  1284 | D:3      | Found a glowing drain.
  1285 | D:3      | Slain by an orc

Illustrated notes

Levels and vault maps discovered:
D:1:      onia_arrival_mini_spirals, layout_rooms, minmay_split_cup_large
D:2:      layout_rooms
D:3:      layout_basic, xom_confusion_cloud, cheibrodos_sewer_entry_drain

Skill      XL: |  1  2  3 |
---------------+----------+-----
Unarmed Combat | 4 5 |  5.1
Transmutations | 3 |  3.2
Fighting       | |  1.1
Dodging        | |  2.6
Spellcasting   | |  2.0

Action                   |  1- 3 |  4- 6 || total
-------------------------+-------+-------++-------
Melee: Unarmed           |   140 |    26 ||   166
       Punch             |     1 |     2 ||     3
 Cast: Beastly Appendage |     1 |       ||     1
 Stab: Sleeping          |     3 |       ||     3
Armor: Robe              |    17 |     6 ||    23
Dodge: Dodged            |    67 |    44 ||   111

Table legend: (Time is in decaauts)
 A = Elapsed time spent in this place.
 B = Non-inter-level travel time spent in this place.
 C = Inter-level travel time spent in this place.
 D = Time resting spent in this place.
 E = Time spent auto-exploring this place.
 F = Levels seen in this place.
 G = Mean time per level.
                   A        B        C        D        E       F      G
               +--------+--------+--------+--------+--------+-----+--------+
         Total |   1269 |   1201 |     68 |      0 |    896 |   3 |  423.0 |
       Dungeon |   1269 |   1201 |     68 |      0 |    896 |   3 |  423.0 |
               +--------+--------+--------+--------+--------+-----+--------+

Top non-repeatable levels by time:
     D:2: 653 daAuts
     D:1: 592 daAuts
     D:3: 23 daAuts
